 Dungeon Crawl Stone Soup version 0.23.2-11-gf996548c65 (webtiles) character file.

Game seed: 5726781881744619255

490574 KristianNielsen the Conqueror (level 23, -18/240 HPs)
             Began as a Minotaur Fighter on June 5, 2019.
             Was the Champion of Ashenzari.
             Demolished by an acid blob (26 damage)
             ... created by the Royal Jelly
             ... on level 4 of the Pits of Slime on June 6, 2019.
             The game lasted 03:48:41 (55547 turns).

KristianNielsen the Conqueror (Minotaur Fighter)   Turns: 55547, Time: 03:48:42

Health: -18/240    AC: 29    Str: 37    XL:     23   Next: 87%
Magic:  25/25      EV: 14    Int:  8    God:    Ashenzari [******]
Gold:   3461       SH: 30    Dex: 14    Spells: 22/22 levels left

rFire    + + .     SeeInvis +   Z - +7 morningstar "Duithrov" {crush, +Inv rF+++ Int-3 Dex-3} (curse)
rCold    . . .     Gourm    .   i - +2 large shield
rNeg     + + +     Faith    .   k - +8 plate armour of Tiosast {rF- rCorr Int+6 SInv} (curse)
rPois    +         Spirit   .   t - +2 hat (curse)
rElec    +         Reflect  .   j - +2 cloak {MR+} (curse)
rCorr    +         Harm     .   u - +3 pair of gauntlets of War {Slay+5} (curse)
MR       ++...     Clarity  +   y - +0 pair of boots of Bentaimn {Str+3} (curse) Stlth ..........Rnd*Tele +
                                J - amulet of Neraeclu {rC- rN+++ Regen+ Slay+5} (curse)
HPRegen  0.00/turn              o - ring of Imecol {+Fly rElec Slay+2} (curse)
MPRegen  0.19/turn              P - ring of poison resistance

@: mighty, agile, corroded, hasted, very quick
A: retaliatory headbutt, horns 2, blurry vision 3, cold resistance 1, deformed
body, low mp 1, screaming 1, inhibited regeneration, teleportitis 1, no potion
heal 3, MP-powered wands
}: 2/15 runes: serpentine, barnacled
a: Curse Item, Scrying, Transfer Knowledge, Renounce Religion, Evoke
Invisibility, Evoke Flight


You were on level 4 of the Pits of Slime.
You worshipped Ashenzari.
Ashenzari was exalted by your worship.
You were near starving.

You visited 10 branches of the dungeon, and saw 46 of its levels.
You also visited: Ice Cave.

You collected 6562 gold pieces.
You spent 3101 gold pieces at shops.

Inventory:

Hand Weapons
 Z - the cursed +7 morningstar "Duithrov" (weapon) {crush, +Inv rF+++ Int-3 Dex-3}
   (You took it off a deep elf high priest on level 3 of the Elven Halls)

   It inflicts extra damage upon your enemies.
   It affects your intelligence (-3).
   It affects your dexterity (-3).
   It renders you almost immune to fire.
   It lets you turn invisible.
   It has a curse placed upon it.
Armour
 i - a +2 large shield (worn)
 j - a cursed +2 cloak of magic resistance (worn)
 k - the cursed +8 plate armour of Tiosast (worn) {rF- rCorr Int+6 SInv}
   (You bought it in a shop on level 12 of the Dungeon)

   It affects your intelligence (+6).
   It makes you vulnerable to fire.
   It lets you see invisible.
   It provides partial protection from all sources of acid and corrosion.
   It has a curse placed upon it.
 t - a cursed +2 hat (worn)
 u - the cursed +3 pair of gauntlets of War (worn) {Slay+5}
   (You acquired it on level 1 of the Snake Pit)

   It affects your accuracy and damage with ranged weapons and melee attacks
   (+5).
   It has a curse placed upon it.
 y - the cursed +0 pair of boots of Bentaimn (worn) {Str+3}
   (You found it on level 3 of the Vaults)

   It affects your strength (+3).
   It has a curse placed upon it.
Jewellery
 h - an uncursed ring of protection from magic
 o - the cursed ring of Imecol (left hand) {+Fly rElec Slay+2}
   (You bought it in a shop on level 2 of the Orcish Mines)

   [ring of flight]

   It affects your accuracy and damage with ranged weapons and melee attacks
   (+2).
   It insulates you from electricity.
   It lets you fly.
   It has a curse placed upon it.
 r - an uncursed ring of protection from cold
 z - an uncursed ring of protection from fire
 J - the cursed amulet of Neraeclu (around neck) {rC- rN+++ Regen+ Slay+5}
   (You took it off a deep elf knight on level 3 of the Elven Halls)

   [amulet of regeneration]

   It affects your accuracy and damage with ranged weapons and melee attacks
   (+5).
   It makes you vulnerable to cold.
   It renders you almost immune to negative energy.
   It increases your rate of regeneration.
   It has a curse placed upon it.
 P - a ring of poison resistance (right hand)
 Q - a +4 amulet of reflection
Wands
 C - a wand of disintegration (13)
 E - a wand of paralysis (9)
 K - a wand of iceblast (21)
 T - a wand of acid (24)
 Y - a wand of digging (2)
Scrolls
 l - 3 scrolls of remove curse
 n - 2 scrolls of silence
 p - a scroll of enchant armour
 x - 22 scrolls of teleportation
 B - 4 scrolls of fear
 G - 21 scrolls of identify
 H - 5 scrolls of fog
 L - 3 scrolls of blinking
 M - 2 scrolls of magic mapping
 S - 4 scrolls of enchant weapon
 U - 2 scrolls of holy word
Potions
 b - 2 potions of berserk rage
 d - 3 potions of might
 e - 2 potions of curing
 g - a potion of heal wounds
 m - 5 potions of agility
 q - 6 potions of lignification
 v - 4 potions of resistance
 w - 4 potions of haste
 I - 2 potions of flight
 N - 3 potions of cancellation
Miscellaneous
 s - 2 phantom mirrors
Comestibles
 f - 44 rations


   Skills:
 O Level 27 Fighting
 + Level 19.4(23.0) Maces & Flails
 - Level 19.3(24.1) Armour
 - Level 25.0 Shields
 - Level 9.2(12.1) Evocations


You had 22 spell levels left.
You didn't know any spells.
Your spell library contained the following spells:

 Spells                   Type           Power        Failure   Level  Hunger
 Confusing Touch          Hex            #.....       67%         1    ##.....
 Corona                   Hex            #......      67%         1    ##.....
 Infusion                 Chrm           #...         67%         1    ##.....
 Animate Skeleton         Necr           N/A          69%         1    ##.....
 Apportation              Tloc           #.....       69%         1    ##.....
 Beastly Appendage        Tmut           #.....       69%         1    ##.....
 Freeze                   Ice            #...         69%         1    ##.....
 Magic Dart               Conj           #...         69%         1    ##.....
 Pain                     Necr           #...         69%         1    ##.....
 Sandblast                Erth           #.....       69%         1    ##.....
 Shock                    Conj/Air       #...         69%         1    ##.....
 Sting                    Conj/Pois      #...         69%         1    ##.....
 Summon Butterflies       Summ           #.......     69%         1    ##.....
 Summon Small Mammal      Summ           #...         69%         1    ##.....
 Song of Slaying          Chrm           #.......     82%         2    ###....
 Corpse Rot               Necr           N/A          83%         2    ###....
 Ensorcelled Hibernation  Hex/Ice        #.....       83%         2    ###....
 Passwall                 Tmut/Erth      #.......     83%         2    ###....
 Poisonous Vapours        Pois/Air       #.....       83%         2    ###....
 Searing Ray              Conj           #.....       83%         2    ###....
 Shroud of Golubria       Chrm/Tloc      #.........   83%         2    ###....
 Sticks to Snakes         Tmut           #.......     83%         2    ###....
 Swiftness                Chrm/Air       #.......     83%         2    ###....
 Throw Frost              Conj/Ice       #.....       83%         2    ###....
 Confuse                  Hex            #.......     96%         3    ####...
 Dazzling Spray           Conj/Hex       #.....       96%         3    ####...
 Ignite Poison            Fire/Tmut/Pois #.......     96%         3    ####...
 Lesser Beckoning         Tloc           #.........   96%         3    ####...
 Mephitic Cloud           Conj/Pois/Air  #.......     96%         3    ####...
 Ozocubu's Armour         Chrm/Ice       #.......     96%         3    ####...
 Recall                   Summ/Tloc      N/A          96%         3    ####...
 Regeneration             Chrm/Necr      #.........   96%         3    ####...
 Spectral Weapon          Hex/Chrm       #.......     96%         3    ####...
 Spider Form              Tmut/Pois      #.........   96%         3    ####...
 Static Discharge         Conj/Air       #.......     96%         3    ####...
 Stone Arrow              Conj/Erth      #.....       96%         3    ####...
 Tukima's Dance           Hex            #.......     96%         3    ####...
 Vampiric Draining        Necr           #.........   96%         3    ####...
 Airstrike                Air            #.........   100%        4    #####..
 Animate Dead             Necr           N/A          100%        4    #####..
 Cause Fear               Hex            #.........   100%        4    #####..
 Force Lance              Conj/Tloc      #.......     100%        4    #####..
 Fulminant Prism          Conj/Hex       #.........   100%        4    #####..
 Ice Form                 Ice/Tmut       #.......     100%        4    #####..
 Iskenderun's Mystic Bla  Conj           #.......     100%        4    #####..
 Leda's Liquefaction      Hex/Erth       #.........   100%        4    #####..
 Olgreb's Toxic Radiance  Pois           #.......     100%        4    #####..
 Passage of Golubria      Tloc           N/A          100%        4    #####..
 Petrify                  Tmut/Erth      #.......     100%        4    #####..
 Summon Ice Beast         Ice/Summ       #.......     100%        4    #####..
 Throw Icicle             Conj/Ice       #.......     100%        4    #####..
 Alistair's Intoxication  Tmut/Pois      #.......     100%        5    ######.
 Blade Hands              Tmut           #.........   100%        5    ######.
 Borgnjor's Vile Clutch   Necr/Erth      #.........   100%        5    ######.
 Fireball                 Conj/Fire      #.........   100%        5    ######.
 Irradiate                Conj/Tmut      #.........   100%        5    ######.
 Lee's Rapid Deconstruct  Erth           #.........   100%        5    ######.
 Lightning Bolt           Conj/Air       #.........   100%        5    ######.
 Silence                  Hex/Air        #.........   100%        5    ######.
 Summon Forest            Summ/Tloc      #.........   100%        5    ######.
 Venom Bolt               Conj/Pois      #.........   100%        5    ######.
 Yara's Violent Unravell  Hex/Tmut       #.........   100%        5    ######.
 Bolt of Fire             Conj/Fire      #.........   100%        6    #######
 Darkness                 Hex            #.........   100%        6    #######
 Death Channel            Necr           #.........   100%        6    #######
 Deflect Missiles         Chrm/Air       #.........   100%        6    #######
 Hydra Form               Tmut           #.........   100%        6    #######
 Invisibility             Hex            #.......     100%        6    #######
 Simulacrum               Ice/Necr       #.........   100%        6    #######
 Statue Form              Tmut/Erth      #........    100%        6    #######
 Dragon Form              Tmut           #.........   100%        7    #######
 Haunt                    Necr/Summ      #.........   100%        7    #######
 Ring of Flames           Chrm/Fire      #.........   100%        7    #######
 Summon Hydra             Summ           #.........   100%        7    #######
 Borgnjor's Revivificati  Necr           #.........   100%        8    #######
 Death's Door             Chrm/Necr      #.........   100%        8    #######
 Discord                  Hex            #.........   100%        8    #######
 Ignition                 Fire           #.........   100%        8    #######
 Infestation              Necr           #.........   100%        8    #######
 Necromutation            Tmut/Necr      #.........   100%        8    #######


Dungeon Overview and Level Annotations

Branches:
Dungeon (15/15)            Temple (1/1) D:5            Lair (6/6) D:10
 Shoals (4/4) Lair:2        Snake (4/4) Lair:4        Slime (5/5) Lair:5
    Orc (2/2) D:10            Elf (3/3) Orc:2        Vaults (5/5) D:14
  Crypt (1/3) Vaults:2     Depths (0/5) D:15

Altars:
Ashenzari
Cheibriados
Dithmenos
Elyvilon
Fedhas
Gozag
Hepliaklqana
Kikubaaqudgha
Makhleb
Nemelex Xobeh
Okawaru
Qazlal
Ru
Sif Muna
Trog
Uskayaw
Vehumet
Wu Jian
Xom
Yredelemnul
Zin
The Shining One
Jiyva

Shops:
D:4 *   D:6 !   D:9 *   D:12 *   Orc:2 *[(*   Elf:3 ?   Shoals:4 (
Snake:3 }=}   Snake:4 (?

Portals:
Trove: D:13 (give 16 potions of curing)

Annotations:
D:14 3 transporters
Elf:2 5 runed translucent doors, exclusion: 5 doors, Saint Roka
Crypt:1 Khufu


Innate Abilities, Weirdness & Mutations

You reflexively headbutt those who attack you in melee.
You have a pair of horns on your head.
Scrolls take you much longer to read.
Your flesh is cold resistant. (rC+)
Armour fits poorly on your strangely shaped body.
Your magical capacity is low. (-10% MP)
You occasionally shout uncontrollably at your foes.
You do not regenerate when monsters are visible.
You are occasionally teleported next to monsters.
Potions cannot restore your health.
You expend magic power (3 MP) to strengthen your wands.


Message History

The azure jelly barely misses you. The azure jelly misses you.
You block the azure jelly's attack. x2; The azure jelly barely misses you.
You beat the azure jelly like a drum!!!
You headbutt the azure jelly!!
The azure jelly is almost dead.
The acid blob hits you!
* * * LOW HITPOINT WARNING * * *
You are splashed with acid.
You resist.
* * * LOW HITPOINT WARNING * * *
You block the acid blob's attack.
You block the great orb of eyes's attack.
The azure jelly hits you but does no damage.
You block the azure jelly's attack. The azure jelly barely misses you.
The azure jelly hits you but does no damage.
Your system rejects the healing.
You feel better. You block the azure jelly's attack.
The azure jelly hits you but does no damage.
The azure jelly barely misses you. The azure jelly hits you.
* * * LOW HITPOINT WARNING * * *
You block the acid blob's attack. The acid blob hits you!!
You die...

#...#.## ##..##
####.....####....# ##*
##.##....#.#......#
#.#*###...#............##
...##.........<.......##
#.##......#..........##
#..##...............##
....###...<....JJJ..##
#.....#.....#..J@....#
..........<....G..#.##
.................####
.........#.....###*
.###....##....#.#,** #*
##..###.........# #...#
##..##...## ##.##
#...*#.## ### ##.##*##


You could see 2 acid blobs, 2 azure jellies and a great orb of eyes.

Vanquished Creatures
  the Royal Jelly (Slime:5)
  A greater mummy (Vaults:2)
  Vashnia (Snake:2)
  Nikola (Shoals:1)
  A bone dragon (Vaults:2)
  Jorgrun (D:15)
  Rupert (D:12)
  2 deep elf blademasters (Elf:3)
  Asterion (Snake:1)
  Polyphemus (Shoals:3)
  2 deep elf master archers (Elf:3)
  12 acid blobs
  5 sphinxes
  A kraken (Shoals:1)
  2 storm dragons
  Frances (D:14)
  Kirke (D:12)
  3 tengu reavers
  7 azure jellies
  12 nagarajas
  3 fire giants
  14 vault wardens
  Aizul (Shoals:4)
  2 orc warlords
  7 deep elf sorcerers
  5 deep elf elementalists (Elf:3)
  A war gargoyle (Vaults:3)
  18 ironheart preservers
  2 entropy weavers (Vaults:4)
  11 stone giants
  9 deep elf demonologists
  The ghost of Ziemm the Geomancer, a journeyman NaEE of Cheibriados (Lair:2)
  8 deep elf annihilators
  A yellow draconian (Vaults:3)
  4 death oozes
  2 ettins
  3 deep elf death magi
  4 merfolk javelineers
  6 fire dragons
  10 merfolk impalers
  2 great orbs of eyes
  10 yaktaur captains
  2 deep elf high priests (Elf:3)
  11 vault guards
  4 rakshasas
  6 hydras
  5 ice dragons
  11 naga warriors
  3 catoblepae
  4 merfolk avatars
  3 death knights
  9 anacondas
  8 centaur warriors
  17 dancing weapons
  3 death yaks (Shoals:3)
  18 ogre magi
  3 satyrs
  3 deep troll shamans
  3 merfolk aquamancers
  57 two-headed ogres
  An alligator (Snake:1)
  23 naga sharpshooters
  9 shock serpents
  Nergalle (Lair:4)
  20 deep elf knights
  Sonja (D:12)
  7 skeletal warriors
  A shadow wraith (Vaults:4)
  5 salamander mystics
  7 naga ritualists
  7 unseen horrors
  2 glowing orange brains
  2 swamp dragons
  5 wizards
  6 deep trolls
  A glowing orange brain (shapeshifter) (Vaults:2)
  10 sea snakes
  11 ironbrand convokers
  Pikel (D:7)
  3 lindwurms
  2 flayed ghosts (Vaults:4)
  2 harpies (shapeshifter)
  11 deep elf archers
  77 deep elf magi
  7 orc knights
  12 mana vipers
  9 harpies
  4 oklob plants (Lair:6)
  18 ugly things
  15 salamanders
  7 orc sorcerers
  6 wolf spiders
  A wolf spider (shapeshifter) (Vaults:3)
  15 manticores
  19 fauns
  9 shining eyes
  12 cyclopes
  5 merfolk sirens
  28 black mambas
  A black mamba (shapeshifter) (Elf:2)
  5 torpor snails (Lair:6)
  7 guardian serpents (Snake:4)
  5 elephants (Lair:4)
  15 naga magi
  13 vault sentinels
  3 water nymphs
  2 gargoyles (D:15)
  10 spiny frogs
  A spiny frog (shapeshifter) (Vaults:4)
  A yaktaur (shapeshifter) (D:13)
  3 rime drakes (Lair:6)
  An efreet (D:14)
  5 freezing wraiths
  14 komodo dragons
  4 kobold demonologists
  39 yaktaurs
  29 merfolk
  2 tengu conjurers
  9 hornets
  A polar bear (Vaults:4)
  3 tyrant leeches (Lair:6)
  7 trolls
  2 wind drakes (Shoals:4)
  Prince Ribbit (D:7)
  13 hippogriffs
  2 raiju (shapeshifter)
  83 slime creatures
  3 blink frogs (Lair:5)
  10 snapping turtles
  3 redbacks (Vaults:4)
  2 human simulacra
  2 shadows
  A spriggan (shapeshifter) (Vaults:4)
  4 air elementals
  16 yaks
  A vampire (D:14)
  A tarantella (Vaults:4)
  5 wraiths
  A hog (D:12)
  A yak (shapeshifter) (Vaults:2)
  3 wyverns
  10 water elementals
  2 fire elementals (Elf:1)
  2 golden eyes (Slime:3)
  A yaktaur simulacrum (Vaults:3)
  2 steam dragons
  2 vampire mosquitoes
  3 basilisks
  4 wargs
  54 nagas
  A water moccasin (shapeshifter) (Vaults:4)
  3 acid dragons
  14 water moccasins
  2 swamp worms (Snake:1)
  22 porcupines
  45 orc warriors
  7 sky beasts
  2 slaves (D:7)
  A black bear (D:7)
  2 swamp drakes
  3 ice beasts
  An eye of draining (shapeshifter) (Vaults:2)
  A necrophage (D:6)
  4 boggarts (Vaults:3)
  A phantom (D:6)
  3 eyes of draining
  40 ogres
  29 centaurs
  15 crocodiles
  15 wolves
  A snapping turtle skeleton (Crypt:1)
  16 bullfrogs
  4 big kobolds
  3 earth elementals
  3 scorpions
  26 killer bees
  A vampire bat (D:14)
  5 electric eels
  7 howler monkeys
  6 crimson imps
  5 centaur zombies
  3 bullfrog zombies
  29 orc wizards
  14 orc priests
  3 centaur skeletons
  11 hounds
  A demonspawn skeleton (Crypt:1)
  10 worker ants
  Natasha (twice) (D:2)
  5 iguanas
  A killer bee zombie (D:6)
  2 hound skeletons
  2 worker ant zombies (D:10)
  11 gnolls
  3 howler monkey skeletons
  19 adders
  7 shadow imps
  13 white imps
  An ooze (D:2)
  An adder skeleton (D:7)
  3 worms
  4 dart slugs
  6 leopard geckos
  72 orcs
  2 ball pythons (D:1)
  14 bats
  3 giant cockroaches
  4 hobgoblins
  8 jackals
  9 kobolds
  3 quokkas
  10 frilled lizards
  9 goblins
  A quokka skeleton (D:8)
  8 rats
  2 crawling corpses (Elf:3)
  4 plants
  3 tentacles (Shoals:1)
1738 creatures vanquished.

Vanquished Creatures (collateral kills)
  A naga warrior (Snake:4)
  A naga mage (Snake:4)
  A wyvern skeleton (D:9)
  2 killer bees (D:9)
  A jelly (D:9)
  An adder (D:9)
  An orc (D:9)
8 creatures vanquished.

Vanquished Creatures (others)
  2 merfolk javelineers (Shoals:4)
  A merfolk aquamancer (Shoals:4)
  2 satyrs (Shoals:4)
  A naga sharpshooter (Snake:4)
  An unseen horror (D:12)
  A deep elf mage (Elf:3)
  2 cyclopes
  A faun (Shoals:4)
  A yaktaur (D:14)
  A snapping turtle (Shoals:1)
  6 humans (D:12)
  A naga (Snake:4)
  An orc warrior (Orc:2)
  A slave (D:7)
  An ogre (D:7)
  6 centaurs
  An iguana (D:7)
  10 orcs
  A quokka (D:7)
  6 fungi
  67 plants
  16 tentacles (Shoals:1)
130 creatures vanquished.

Grand Total: 1876 creatures vanquished

Notes
Turn   | Place    | Note
-------+----------+-------------------------------------------
     0 | D:1      | KristianNielsen the Minotaur Fighter began the quest for
                  | the Orb.
     0 | D:1      | Reached XP level 1. HP: 19/19 MP: 0/0
   275 | D:1      | Reached XP level 2. HP: 27/27 MP: 1/1
   326 | D:1      | Reached skill level 4 in Fighting
   740 | D:1      | Reached XP level 3. HP: 33/33 MP: 2/2
  1214 | D:2      | Reached XP level 4. HP: 35/40 MP: 3/3
  1282 | D:2      | Found a burning altar of Makhleb.
  1295 | D:2      | Found an ornate altar of the Wu Jian Council.
  1348 | D:2      | Noticed Natasha
  1353 | D:2      | Killed Natasha
  1377 | D:2      | Reached XP level 5. HP: 39/47 MP: 4/4
  1573 | D:2      | Noticed Natasha
  1579 | D:2      | Killed Natasha
  2041 | D:3      | Reached skill level 5 in Shields
  2326 | D:3      | Reached skill level 5 in Fighting
  2590 | D:3      | Reached skill level 1 in Slings
  2640 | D:5      | Entered Level 5 of the Dungeon
  2703 | D:4      | Reached skill level 5 in Armour
  2703 | D:4      | Reached XP level 6. HP: 54/56 MP: 5/5
  3418 | D:4      | Found Baide's Assorted Antiques.
  3534 | D:4      | Reached XP level 7. HP: 30/61 MP: 6/6
  3939 | D:4      | Reached skill level 5 in Axes
  4201 | D:5      | Found a staircase to the Ecumenical Temple.
  4220 | Temple   | Entered the Ecumenical Temple
  4563 | D:5      | Reached skill level 6 in Fighting
  4563 | D:5      | Reached skill level 1 in Maces & Flails
  4652 | D:5      | Found a shadowy altar of Dithmenos.
  5149 | D:6      | Reached XP level 8. HP: 70/70 MP: 7/7
  5161 | D:6      | Found a shattered altar of Ashenzari.
  5168 | D:6      | Became a worshipper of Ashenzari the Shackled
  5602 | D:6      | Found Miuris's Distillery.
  5607 | D:6      | Bought a potion of curing for 42 gold pieces
  5869 | D:6      | Reached skill level 7 in Fighting
  6364 | D:7      | Noticed Pikel
  6378 | D:7      | Killed Pikel
  6378 | D:7      | Reached skill level 5 in Maces & Flails
  6378 | D:7      | Reached XP level 9. HP: 63/81 MP: 8/8
  6480 | D:7      | Found a basalt altar of Yredelemnul.
  6532 | D:7      | Reached skill level 8 in Fighting
  7176 | D:7      | Noticed Prince Ribbit
  7186 | D:7      | Killed Prince Ribbit
  7226 | D:8      | Noticed a two-headed ogre
  7233 | D:8      | Killed a two-headed ogre
  7233 | D:8      | Reached skill level 9 in Fighting
  7315 | D:8      | Reached XP level 10. HP: 89/91 MP: 9/9
  8171 | D:9      | Reached * piety under Ashenzari
  8228 | D:9      | Found an opulent altar of Gozag.
  8228 | D:9      | Found Gozag's Platinum Reserve.
  8264 | D:9      | Found a white marble altar of Elyvilon.
  8546 | D:9      | Noticed a two-headed ogre
  8555 | D:9      | Killed a two-headed ogre
  8555 | D:9      | Reached skill level 10 in Shields
  8681 | D:9      | Reached skill level 10 in Fighting
  8681 | D:9      | Reached skill level 10 in Armour
  9024 | D:10     | Entered Level 10 of the Dungeon
  9077 | D:10     | Found a staircase to the Lair.
  9257 | D:10     | Killed an unseen horror
  9268 | D:10     | Reached XP level 11. HP: 61/101 MP: 10/10
  9537 | D:10     | Found a staircase to the Orcish Mines.
  9781 | Orc:1    | Entered Level 1 of the Orcish Mines
  9822 | Orc:1    | Reached ** piety under Ashenzari
  9852 | Orc:2    | Entered Level 2 of the Orcish Mines
  9852 | Orc:2    | Found a staircase to the Elven Halls.
  9867 | Orc:2    | Noticed a two-headed ogre
  9917 | Orc:1    | Killed a two-headed ogre
  9947 | Orc:2    | Noticed an orc knight
 10211 | Lair:1   | Entered Level 1 of the Lair of Beasts
 10249 | Lair:1   | Reached skill level 11 in Fighting
 10428 | Lair:1   | Found a frozen archway.
 10491 | IceCv    | Entered an ice cave
 10491 | IceCv    | Noticed a white ugly thing
 11392 | D:11     | Reached skill level 10 in Maces & Flails
 11508 | D:11     | Killed an unseen horror
 11622 | D:11     | Noticed a two-headed ogre
 11631 | D:11     | Killed a two-headed ogre
 11851 | D:11     | Noticed a tengu reaver
 11891 | D:11     | Killed a tengu reaver
 11891 | D:11     | Reached skill level 12 in Fighting
 11891 | D:11     | Reached XP level 12. HP: 39/112 MP: 11/11
 12408 | D:12     | Found Lid Muosmiro's General Store.
 12616 | D:12     | Noticed Sonja
 12704 | D:12     | Killed Sonja
 13055 | D:12     | Noticed a two-headed ogre
 13065 | D:12     | Killed a two-headed ogre
 13088 | D:12     | Noticed Kirke
 13101 | D:12     | Noticed a sphinx
 13103 | D:12     | Killed Kirke
 13250 | D:12     | Noticed a two-headed ogre
 13262 | D:12     | Killed a two-headed ogre
 13440 | D:12     | Noticed a fire dragon
 13442 | D:12     | Noticed Rupert
 13871 | Lair:2   | Reached *** piety under Ashenzari
 14056 | Lair:2   | Reached skill level 13 in Fighting
 14257 | Lair:2   | Found a runed translucent door.
 14258 | Lair:2   | Found a shimmering altar of Xom.
 14258 | Lair:2   | Noticed Ziemm's ghost (journeyman NaEE)
 14357 | Lair:2   | Found a staircase to the Shoals.
 14622 | Lair:2   | Noticed a seven-headed hydra
 14629 | Lair:2   | Killed a seven-headed hydra
 15189 | D:12     | Bought the +8 plate armour of Tiosast {rF- rCorr Int+6
                  | SInv} for 939 gold pieces
 15225 | D:12     | Reached XP level 13. HP: 122/122 MP: 12/12
 15269 | D:12     | Noticed an ettin
 15270 | D:12     | Killed a fire dragon
 16094 | Lair:3   | Reached **** piety under Ashenzari
 16504 | Lair:4   | Found a staircase to the Snake Pit.
 16580 | Lair:4   | Noticed Nergalle
 16607 | Lair:4   | Killed Nergalle
 17479 | Lair:5   | Reached skill level 14 in Fighting
 18068 | Lair:6   | Entered Level 6 of the Lair of Beasts
 18277 | Lair:6   | Reached ***** piety under Ashenzari
 18373 | Lair:6   | Reduced skill Slings to level 1
 19271 | Lair:6   | Reached XP level 14. HP: 120/133 MP: 13/13
 19289 | Lair:6   | Reached skill level 15 in Fighting
 19762 | Lair:6   | Got the flail "Veagaemp" {antimagic, -Tele rElec Int+5}
 20159 | Lair:6   | Found a runed translucent door.
 20815 | Orc:2    | Reached skill level 15 in Shields
 20827 | Orc:2    | Reached skill level 15 in Armour
 21243 | Orc:1    | Identified the +1 leather armour "Yduaved" {rElec Int+7}
                  | (You found it on level 5 of the Dungeon)
 21345 | Orc:2    | Found Darhy's Weapon Shop.
 21345 | Orc:2    | Found Pumuar's Armour Emporium.
 21365 | Orc:2    | Found Todgh's Assorted Antiques.
 21367 | Orc:2    | Found Caasoa Amefe's Assorted Antiques.
 21377 | Orc:2    | Bought a scroll labeled IXOTTE GOZODU for 35 gold pieces
 21383 | Orc:2    | Bought a clouded platinum ring for 95 gold pieces
 21383 | Orc:2    | Identified the ring of Imecol {+Fly rElec Slay+2} (You
                  | bought it in a shop on level 2 of the Orcish Mines)
 21383 | Orc:2    | Bought a small citrine amulet for 95 gold pieces
 21551 | Orc:2    | Noticed a stone giant
 21566 | Orc:2    | Killed a stone giant
 21601 | Orc:2    | Noticed an orc warlord
 21838 | Orc:1    | Killed an orc warlord
 22088 | Orc:2    | Reached skill level 16 in Fighting
 23036 | Orc:2    | Bought a +6 morningstar of holy wrath for 509 gold pieces
 23172 | Shoals:1 | Entered Level 1 of the Shoals
 23586 | Shoals:1 | Noticed Nikola
 23615 | Shoals:1 | Killed Nikola
 23615 | Shoals:1 | Reached XP level 15. HP: 107/146 MP: 14/14
 23917 | Shoals:1 | Noticed a kraken
 24111 | Shoals:1 | Killed a kraken
 24111 | Shoals:1 | Reached skill level 17 in Fighting
 25360 | Shoals:3 | Noticed Polyphemus
 25935 | Shoals:3 | Reached skill level 1 in Evocations
 26750 | Shoals:3 | HP: 4/148 [Polyphemus (27)]
 27162 | Shoals:3 | Reached skill level 15 in Maces & Flails
 27385 | Shoals:3 | Killed Polyphemus
 27700 | D:6      | Bought a potion of lignification for 42 gold pieces
 27700 | D:6      | Bought a potion of berserk rage for 70 gold pieces
 27700 | D:6      | Bought a potion of might for 56 gold pieces
 27700 | D:6      | Bought a potion of curing for 42 gold pieces
 27700 | D:6      | Bought a potion of agility for 56 gold pieces
 27700 | D:6      | Bought a potion of agility for 56 gold pieces
 27767 | D:4      | Bought a potion of might for 80 gold pieces
 27767 | D:4      | Bought a potion of magic for 160 gold pieces
 27954 | Shoals:4 | Entered Level 4 of the Shoals
 28028 | Shoals:3 | Reached skill level 5 in Evocations
 28261 | Shoals:4 | Reached skill level 18 in Fighting
 28654 | Shoals:4 | Noticed Aizul
 28679 | Shoals:4 | Killed Aizul
 28679 | Shoals:4 | Reached XP level 16. HP: 62/157 MP: 17/19
 28681 | Shoals:4 | Found Arphokh's Antique Weapon Emporium.
 29266 | Shoals:4 | Got a barnacled rune of Zot
 30871 | Shoals:4 | Identified the cursed +4 flail "Veagaemp" {antimagic, -Tele
                  | rElec Int+5} (You found it on level 6 of the Lair of
                  | Beasts)
 31059 | D:12     | Killed Rupert
 31088 | D:12     | Noticed a sphinx
 31096 | D:12     | Killed a sphinx
 31383 | D:12     | Found Lid Muosmiro's General Store.
 31664 | D:13     | Found a portal to a secret trove of treasure.
 32351 | D:14     | Found a transporter.
 32351 | D:14     | Found a transporter.
 32356 | D:14     | Found a transporter.
 32365 | D:14     | Found the ring of the Octopus King {MP+9 AC+1 EV+1 Str+1
                  | Int+1 Dex+1}
 32365 | D:14     | Found the ring of the Octopus King {MP+9 AC+1 EV+1 Str+1
                  | Int+1 Dex+1}
 32484 | D:14     | Found a basalt altar of Yredelemnul.
 32607 | D:14     | Reached skill level 19 in Fighting
 32942 | D:14     | Noticed Frances
 32953 | D:14     | Killed Frances
 32953 | D:14     | Reached XP level 17. HP: 155/168 MP: 22/22
 33179 | D:14     | Found a gate to the Vaults.
 33224 | D:14     | Found a transporter.
 33230 | D:14     | Found a transporter.
 33447 | D:15     | Entered Level 15 of the Dungeon
 33628 | D:15     | Found a shattered altar of Ashenzari.
 34276 | D:15     | Noticed Jorgrun
 34312 | D:15     | Killed Jorgrun
 34428 | D:15     | Found a staircase to the Depths.
 34975 | D:15     | Found a shattered altar of Ashenzari.
 35253 | D:15     | Found a staircase to the Depths.
 36206 | Snake:1  | Entered Level 1 of the Snake Pit
 36586 | Snake:1  | Reached skill level 20 in Fighting
 36698 | Snake:1  | Noticed Asterion
 36720 | Snake:1  | Killed Asterion
 37043 | Snake:1  | Identified a scroll of acquirement
 37045 | Snake:1  | Found the cursed +3 pair of gauntlets of War {Slay+5}
 38090 | Snake:2  | Noticed Vashnia
 38588 | Snake:2  | Reached XP level 18. HP: 175/180 MP: 18/23
 38605 | Snake:2  | Killed Vashnia
 39273 | Snake:3  | Reached skill level 21 in Fighting
 39430 | Snake:3  | Found Tolisir's Gadget Boutique.
 39431 | Snake:3  | Found Xois Gall's Jewellery Shoppe.
 39432 | Snake:3  | Found Raibbyps's Gadget Boutique.
 39438 | Snake:3  | Bought a wand of iceblast (6) for 170 gold pieces
 39444 | Snake:3  | Bought a wand of acid (7) for 396 gold pieces
 39887 | Snake:4  | Entered Level 4 of the Snake Pit
 39939 | Snake:4  | Identified the +6 scale mail of the Ecumenical Temple {+Inv
                  | rF++ Str-5 Dex+3}
 40038 | Snake:4  | Found Tomouthu's Magic Scroll Shop.
 40082 | Snake:4  | Bought a scroll of remove curse for 51 gold pieces
 40082 | Snake:4  | Bought a scroll of remove curse for 51 gold pieces
 40082 | Snake:4  | Bought a scroll of remove curse for 51 gold pieces
 40471 | Snake:4  | Found Gotufelo's Antique Weapon Boutique.
 40937 | Snake:4  | Reached skill level 22 in Fighting
 41311 | Snake:4  | Reached XP level 19. HP: 192/192 MP: 24/24
 41486 | Snake:4  | Got a serpentine rune of Zot
 41856 | Elf:1    | Entered Level 1 of the Elven Halls
 42225 | Elf:1    | Identified the +0 chain mail of the Other Side {Dex+4}
 43027 | Elf:2    | Found a huge runed translucent gate.
 43027 | Elf:2    | Found a huge runed translucent gate.
 43027 | Elf:2    | Found a huge runed translucent gate.
 43027 | Elf:2    | Found a huge runed translucent gate.
 43035 | Elf:2    | Found a huge runed translucent gate.
 43106 | Elf:2    | Noticed Saint Roka
 43460 | Elf:3    | Entered Level 3 of the Elven Halls
 43496 | Elf:3    | Found Siref's Magic Scroll Shop.
 43526 | Elf:3    | Bought a scroll of enchant armour for 105 gold pieces
 43987 | Elf:3    | Noticed a Tzitzimitl
 44065 | Elf:3    | Noticed a Tzitzimitl
 44845 | Elf:3    | Identified the cursed +1 flail "Zotok" {elec, rF++ MR+ MP+9
                  | Dex-2}
 44845 | Elf:3    | Identified the +3 acid dragon scales "Agiklaagh" {rN+ rCorr
                  | Dex+4}
 44845 | Elf:3    | Identified the amulet of Neraeclu {rC- rN+++ Regen+ Slay+5}
 44849 | Elf:3    | Identified the ring "Sirhaw" {rC+ Str+3}
 44875 | Elf:3    | Reached XP level 20. HP: 123/200 MP: 25/25
 45149 | Elf:3    | Identified the +7 morningstar "Duithrov" {crush, +Inv rF+++
                  | Int-3 Dex-3}
 45163 | Elf:3    | Identified the +10 short sword of Oxanaud {pierce, *Slow
                  | Str+4}
 45223 | Elf:3    | Reached XP level 21. HP: 207/207 MP: 26/26
 45351 | Elf:3    | Identified the +0 helmet of the Bull {rElec rC+ Str-2}
 45645 | Elf:3    | Found Siref's Magic Scroll Shop.
 45989 | Elf:3    | Identified the +9 hand axe of Qaul {freeze, rElec MR+} (You
                  | found it on level 12 of the Dungeon)
 45989 | Elf:3    | Identified the +8 spear of Responsibility {pierce, rC++
                  | Int+7 Dex-4} (You found it on level 12 of the Dungeon)
 45989 | Elf:3    | Identified the +12 triple crossbow of Responsibility
                  | {freeze, Int+5}
 46143 | Lair:2   | Killed Ziemm's ghost
 46486 | Vaults:1 | Entered Level 1 of the Vaults
 48407 | Vaults:2 | Identified the cursed +1 chain mail of Yesterday {rF+ rCorr
                  | Int-2 Stlth+}
 48829 | Vaults:2 | Reached XP level 22. HP: 153/215 MP: 27/27
 49147 | Vaults:2 | Found a staircase to the Crypt.
 49692 | Vaults:3 | Identified the cursed +0 pair of boots of Bentaimn {Str+3}
 50157 | Vaults:3 | Reached skill level 23 in Fighting
 51055 | Vaults:5 | Entered Level 5 of the Vaults
 51198 | Vaults:4 | Reached skill level 24 in Fighting
 51369 | Vaults:4 | Identified the +1 scale mail of the Country {Str+5}
 51450 | Vaults:4 | Reached XP level 23. HP: 231/231 MP: 28/28
 51821 | Vaults:4 | Reached skill level 25 in Fighting
 52383 | Crypt:1  | Entered Level 1 of the Crypt
 52389 | Crypt:1  | Noticed Khufu
 52393 | Crypt:1  | Noticed a greater mummy
 52418 | Vaults:2 | Killed a greater mummy
 52840 | Lair:5   | Found a staircase to the Slime Pits.
 52841 | Lair:5   | Found a viscous altar of Jiyva.
 52894 | Slime:1  | Entered Level 1 of the Pits of Slime
 53247 | Slime:2  | Gained mutation: Potions are less effective at restoring
                  | your health. [a shining eye]
 53249 | Slime:2  | Gained mutation: Scrolls take you a little longer to read.
                  | [a shining eye]
 53251 | Slime:2  | Gained mutation: Your magical capacity is low. (-10% MP) [a
                  | shining eye]
 53252 | Slime:2  | Gained mutation: You expend magic power (3 MP) to
                  | strengthen your wands. [a shining eye]
 53252 | Slime:2  | Gained mutation: Scrolls take you longer to read. [a
                  | shining eye]
 53394 | Slime:1  | Reached skill level 26 in Fighting
 54644 | Slime:3  | Gained mutation: Your mind is acute. (Int +2) [a shining
                  | eye]
 54649 | Slime:3  | Lost mutation: Your mind is acute. (Int +2) [a shining eye]
 55218 | Slime:4  | Gained mutation: Scrolls take you much longer to read. [a
                  | shining eye]
 55296 | Slime:5  | Entered Level 5 of the Pits of Slime
 55296 | Slime:5  | Reached ****** piety under Ashenzari
 55309 | Slime:5  | Gained mutation: Potions are poor at restoring your health.
                  | [a shining eye]
 55317 | Slime:5  | Gained mutation: Your flesh is cold resistant. (rC+) [a
                  | shining eye]
 55325 | Slime:5  | Gained mutation: You occasionally shout uncontrollably at
                  | your foes. [a shining eye]
 55353 | Slime:5  | Gained mutation: Potions cannot restore your health. [a
                  | shining eye]
 55357 | Slime:5  | Gained mutation: You are occasionally teleported next to
                  | monsters. [a shining eye]
 55371 | Slime:5  | Noticed the Royal Jelly
 55374 | Slime:5  | Gained mutation: Armour fits poorly on your strangely
                  | shaped body. [a shining eye]
 55375 | Slime:5  | Gained mutation: You do not regenerate when monsters are
                  | visible. [a shining eye]
 55522 | Slime:5  | Killed the Royal Jelly
 55540 | Slime:4  | Reached skill level 27 in Fighting
 55547 | Slime:4  | HP: 8/240 [azure jelly[the Royal Jelly] (6)]
 55547 | Slime:4  | Demolished by an acid blob

Skill      XL: |  1  2  3  4  5  6  7  8  9 10 11 12 13 14 15 16 17 18 19 20 21 22 23 |
---------------+----------------------------------------------------------------------+-----
Fighting       | 4 5 6 7 9 10 12 13 14 16 18 19 20 22 24 27 | 27.0
Armour         | 4 5 6 7 9 10 12 13 14 16 17 18 19 | 19.3
Shields        | 4 5 6 7 9 10 12 13 14 15 19 20 23 25 | 25.0
Axes           | 3 4 5 0 |  0.0
Slings         | 1 2 3 4 0 |  0.0
Maces & Flails | 2 5 6 8 10 12 13 15 16 17 19 | 19.4
Evocations     | 5 8 9 |  9.2

Action                   |  1- 3 |  4- 6 |  7- 9 | 10-12 | 13-15 | 16-18 | 19-21 | 22-24 || total
-------------------------+-------+-------+-------+-------+-------+-------+-------+-------++-------
Melee: War axe           |    69 |   139 |    24 |       |       |       |       |       ||   232
       Headbutt          |    13 |    25 |    46 |   187 |   350 |   328 |   227 |   275 ||  1451
       Flail             |       |       |   224 |   780 |   879 |       |       |       ||  1883
       Morningstar       |       |       |       |       |   472 |  1385 |   882 |   908 ||  3647
 Fire: Hunting sling     |       |    62 |    86 |    51 |    31 |       |       |       ||   230
Invok: Curse Item        |       |       |       |     3 |     3 |     2 |     3 |       ||    11
       Transfer Knowledg |       |       |       |       |     2 |       |       |       ||     2
       Scrying           |       |       |       |       |       |     8 |    20 |     3 ||    31
 Abil: Evoke Flight      |       |       |       |       |    26 |    14 |       |     1 ||    41
       Evoke Invisibilit |       |       |       |       |       |       |       |     1 ||     1
Evoke: Wand              |       |       |       |     4 |    15 |    11 |     4 |     1 ||    35
       Lightning rod     |       |       |       |       |       |     3 |       |       ||     3
  Use: Scroll            |       |     1 |     7 |    18 |     8 |    10 |     9 |     8 ||    61
       Potion            |       |       |       |     4 |    14 |    13 |     2 |     8 ||    41
 Stab: Petrified         |       |       |       |       |       |     6 |       |       ||     6
       Petrifying        |       |       |       |       |       |     1 |       |       ||     1
  Eat: Chunk             |     1 |     8 |     5 |    23 |    35 |    27 |    16 |    11 ||   126
       Ration            |       |       |     2 |     1 |     4 |     4 |     3 |     3 ||    17
Armor: Scale mail        |    31 |    24 |       |       |       |       |       |       ||    55
       Chain mail        |       |    54 |   124 |       |       |       |       |       ||   178
       Plate armour      |       |       |    32 |   530 |   765 |   782 |   258 |   258 ||  2625
Dodge: Dodged            |    16 |    36 |    59 |   190 |   277 |   322 |    92 |   129 ||  1121
Block: Shield            |    26 |    83 |   148 |   517 |  1249 |  1034 |       |       ||  3057
       Reflection        |       |       |       |       |   152 |    92 |       |       ||   244
       Large shield      |       |       |       |       |       |     1 |   797 |   973 ||  1771
